 Dungeon Crawl Stone Soup version 0.22.1-2-g9c5b331 (webtiles) character file.

12439 teukkam the Fighter (level 11, -1/114 HPs)
             Began as a Minotaur Berserker on Nov 2, 2018.
             Was a High Priest of Trog.
             Slain by a spiny frog (13 damage)
             ... on level 4 of the Lair of Beasts on Nov 12, 2018.
             The game lasted 00:54:17 (12293 turns).

teukkam the Fighter (Minotaur Berserker)           Turns: 12293, Time: 00:54:18

Health: -1/114     AC:  7    Str: 30    XL:     11   Next: 62%
Magic:  0/15       EV: 12    Int:  8    God:    Trog [*****.]
Gold:   843        SH:  0    Dex: 14    Spells: 10/10 levels left

rFire    + . .     SeeInvis .   a - +4 quarterstaff (chaos)
rCold    + . .     Gourm    .   (shield currently unavailable)
rNeg     . . .     Faith    .   O - +2 ring mail {MR+}
rPois    +         Spirit   +   (helmet restricted)
rElec    +         Reflect  .   g - scarf {Spirit}
rCorr    +         Harm     .   (no gloves)
MR       +....                  (no boots)
Stlth    +.........             d - amulet of rage
HPRegen  0.29/turn              J - ring of wizardry
MPRegen  0.14/turn              K - +4 ring of dexterity

@: mighty, resistant, flying, very slightly contaminated, invisible
A: retaliatory headbutt, horns 2, clever 2, robust 1, no potion heal 1
a: Berserk, Trog's Hand, Brothers in Arms, Renounce Religion, Evoke Berserk Rage


You were on level 4 of the Lair of Beasts.
You worshipped Trog.
Trog was extremely pleased with you.
You were very hungry.

You visited 2 branches of the dungeon, and saw 15 of its levels.
You also visited: Ossuary.

You collected 843 gold pieces.

Inventory:

Hand Weapons
 a - a +4 quarterstaff of chaos (weapon)
 b - the +2 longbow "Liehehos" {venom, Str-2 Int+4 Dex+5}
   (You found it on level 9 of the Dungeon)

   It poisons the ammo it fires.
   It affects your strength (-2).
   It affects your intelligence (+4).
   It affects your dexterity (+5).
 j - a +0 war axe
 r - a +1 dagger of freezing
 E - a +0 hunting sling
 H - a +0 shortbow
 P - the +8 hunting sling of the Fulmar {venom, *Slow +Fly rPois Dex+4}
   (You found it on level 7 of the Dungeon)

   It poisons the ammo it fires.
   It affects your dexterity (+4).
   It protects you from poison.
   It lets you fly.
   It may slow you when you take damage.
Missiles
 h - 287 stones (quivered)
 l - 165 bolts
 w - 183 arrows
 C - 4 tomahawks
 D - 7 needles of frenzy
 G - 10 poisoned needles
 M - 5 curare-tipped needles
Armour
 g - a scarf of spirit shield (worn)
 x - a +0 buckler
 O - a +2 ring mail of magic resistance (worn)
Magical Staves
 u - an uncursed staff of wizardry
Jewellery
 d - an amulet of rage (around neck)
 J - a ring of wizardry (left hand)
 K - a +4 ring of dexterity (right hand)
Wands
 f - a wand of random effects (18)
 y - a wand of flame (12)
 z - a wand of polymorph (16)
 B - a wand of acid (26)
Scrolls
 e - 17 scrolls of identify
 i - a scroll of holy word {unknown}
 n - 6 scrolls of teleportation
 t - 5 scrolls of remove curse
 v - 6 scrolls of fog
 R - a scroll of blinking {unknown}
 T - a scroll of enchant armour
Potions
 k - 4 potions of curing
 m - a potion of brilliance
 p - 2 potions of invisibility
 q - a potion of might
 s - 3 potions of mutation
 A - a potion of resistance
 F - a potion of flight
 I - a potion of berserk rage {unknown}
 L - a potion of heal wounds {unknown}
 N - a potion of agility {unknown}
Comestibles
 c - 27 rations


   Skills:
 + Level 12.1 Fighting
 - Level 7.1 Axes
 + Level 10.2 Staves
 - Level 7.2 Slings
 + Level 7.7 Bows
 - Level 2.5 Armour
 - Level 2.2 Dodging
 + Level 6.9 Evocations


You had 10 spell levels left.
You didn't know any spells.
Your spell library contained the following spells:

 Spells                   Type           Power        Failure   Level  Hunger
 Animate Skeleton         Necr           N/A          24%         1    ##.....
 Apportation              Tloc           #.....       24%         1    ##.....
 Confusing Touch          Hex            #.....       24%         1    ##.....
 Corona                   Hex            #......      24%         1    ##.....
 Magic Dart               Conj           #...         24%         1    ##.....
 Summon Small Mammal      Summ           #...         24%         1    ##.....
 Ensorcelled Hibernation  Hex/Ice        #.....       34%         2    ###....
 Searing Ray              Conj           #.....       34%         2    ###....
 Confuse                  Hex            #.......     56%         3    ####...
 Dazzling Spray           Conj/Hex       #.....       56%         3    ####...
 Tukima's Dance           Hex            #.......     56%         3    ####...
 Force Lance              Conj/Tloc      #.......     91%         4    #####..
 Fulminant Prism          Conj/Hex       #.........   91%         4    #####..
 Iskenderun's Mystic Bla  Conj           #.......     91%         4    #####..


Dungeon Overview and Level Annotations

Branches:
Dungeon (11/15)            Temple (0/1) D:4            Lair (4/6) D:10
 Shoals (0/4) Lair:3       Spider (0/4) Lair:3          Orc (0/2) D:10

Altars:
Ashenzari
Fedhas
Kikubaaqudgha
Makhleb
Vehumet
Wu Jian

Annotations:
D:4 1 runed door, KeeTraxx's ghost, novice OpMo
Lair:1 3 runed doors, exclusion: oklob plant, Faytuur's ghost, journeyman MiFi


Innate Abilities, Weirdness & Mutations

You reflexively headbutt those who attack you in melee.
You have a pair of horns on your head.
Your mind is very acute. (Int +4)
You are robust. (+10% HP)
Potions are less effective at restoring your health.


Message History

The spiny frog stings the plant but does no damage.
The elephant tramples you!
* * * LOW HITPOINT WARNING * * *
You stumble backwards!
Unknown command.
It was a potion of resistance.
You feel protected.
You feel sick. The elephant tramples you!
* * * LOW HITPOINT WARNING * * *
You stumble backwards!
It was a potion of flight.
You feel very buoyant.
You fly up into the air.
You feel sick. The elephant completely misses you.
The elephant trunk-slaps you but does no damage.
You feel sick.
Your system partially rejects the healing.
You feel better. The elephant misses you. You furiously retaliate!
You headbutt the elephant! The elephant closely misses you.
The spiny frog stings you!
You die...

##...........###..........
#...........#.####...P....
##...........## #....#...
#.............####........
#.........##....##.......^
##P.......# #...P......^..
#.........####.............
..........#P##....÷<.......
....####..@Y###.......†....
#### ###.FY......##P.....
#......<.##.......
#..P.PY.##.F....
....###...#†#....... ...#
######........


You could see 4 elephants and a spiny frog.

Vanquished Creatures
  Erolcha (D:10)
  A hydra (Lair:3)
  2 oklob plants (D:10)
  3 black mambas
  Maurice (D:9)
  A merfolk siren (Lair:3)
  2 spiny frogs
  A komodo dragon (Lair:1)
  A troll (D:10)
  A hornet (D:9)
  3 blink frogs (Lair:3)
  3 hippogriffs
  A spriggan (D:7)
  A wyvern (D:10)
  A steam dragon (Lair:3)
  Grum (D:10)
  A hungry ghost (D:8)
  5 swamp worms (D:9)
  4 water moccasins
  4 porcupines
  3 sky beasts
  6 phantoms
  An ice beast (D:10)
  4 ogres
  7 wolves
  2 centaurs
  5 crocodiles
  2 elf zombies
  5 bullfrogs
  A wyvern zombie (D:11)
  A scorpion (D:9)
  5 wights (D:8)
  5 electric eels
  3 crimson imps
  A bullfrog zombie (D:5)
  2 quasits
  An orc priest (D:9)
  A bullfrog skeleton (D:5)
  2 hounds
  Crazy Yiuf (D:5)
  2 human zombies
  A human skeleton (D:7)
  An iguana (D:7)
  5 orc wizards
  6 worker ants
  A hound zombie (Ossuary)
  4 mummies (Ossuary)
  4 adders
  2 shadow imps
  An ooze (D:1)
  3 worms
  6 leopard geckos
  29 orcs
  7 bat zombies (D:7)
  4 giant cockroaches
  A gnoll zombie (Ossuary)
  7 hobgoblins
  15 jackals
  4 quokkas
  A ball python (D:1)
  4 bats
  4 frilled lizards
  12 goblins
  A goblin zombie (Ossuary)
  A hobgoblin zombie (Ossuary)
  2 jackal zombies (Ossuary)
  10 kobolds
  A kobold zombie (Ossuary)
  An orc skeleton (D:7)
  4 orc zombies
  A quokka skeleton (D:5)
  6 rats
  3 rat zombies
250 creatures vanquished.

Vanquished Creatures (others)
  A fungus (Lair:4)
  3 plants
4 creatures vanquished.

Grand Total: 254 creatures vanquished

Notes
Turn   | Place    | Note
-------+----------+-------------------------------------------
     0 | D:1      | teukkam the Minotaur Berserker began the quest for the Orb.
     0 | D:1      | Reached XP level 1. HP: 19/19 MP: 0/0
   163 | D:1      | Reached XP level 2. HP: 25/27 MP: 1/1
   202 | D:1      | Reached skill level 4 in Fighting
   661 | D:1      | Reached ** piety under Trog
   668 | D:1      | Reached XP level 3. HP: 30/33 MP: 2/2
   881 | D:1      | Reached skill level 1 in Slings
  1100 | D:2      | Reached XP level 4. HP: 41/41 MP: 3/3
  2666 | D:4      | Reached skill level 5 in Axes
  2677 | D:4      | Reached skill level 5 in Fighting
  2677 | D:4      | Reached XP level 5. HP: 41/48 MP: 1/4
  2833 | D:4      | Reached *** piety under Trog
  2837 | D:4      | Noticed a phantom
  2858 | D:4      | Noticed a phantom
  2884 | D:4      | Killed a phantom
  2884 | D:4      | Reached XP level 6. HP: 41/56 MP: 5/5
  2914 | D:4      | Found a runed door.
  3146 | D:4      | Reached skill level 6 in Fighting
  3219 | D:4      | Found a staircase to the Ecumenical Temple.
  3360 | D:4      | Reached XP level 7. HP: 45/64 MP: 2/6
  3819 | D:4      | Noticed KeeTraxx's ghost (novice OpMo)
  3866 | D:5      | Entered Level 5 of the Dungeon
  4155 | D:5      | Found a burning altar of Makhleb.
  4372 | D:5      | Found a runed door.
  4377 | D:5      | Noticed Crazy Yiuf
  4382 | D:5      | Killed Crazy Yiuf
  4446 | D:5      | Reached skill level 1 in Staves
  4446 | D:5      | Reached skill level 5 in Slings
  4652 | D:5      | Reached skill level 7 in Fighting
  5014 | D:6      | Reached skill level 1 in Bows
  5110 | D:6      | Reached XP level 8. HP: 73/73 MP: 7/7
  5774 | D:7      | Reached skill level 8 in Fighting
  5799 | D:7      | Found a sand-covered staircase.
  5868 | Ossuary  | Entered an ossuary
  5882 | Ossuary  | Reached **** piety under Trog
  6100 | D:7      | Found a radiant altar of Vehumet.
  6103 | D:7      | Found a shattered altar of Ashenzari.
  6103 | D:7      | Found an ornate altar of the Wu Jian Council.
  6133 | D:7      | Got a transparent hunting sling
  6136 | D:7      | Identified the +8 hunting sling of the Fulmar {venom, *Slow
                  | +Fly rPois Dex+4} (You found it on level 7 of the Dungeon)
  6229 | D:7      | Found an ancient bone altar of Kikubaaqudgha.
  6551 | D:8      | Reached skill level 5 in Staves
  6551 | D:8      | Reached skill level 1 in Evocations
  6732 | D:8      | Reached XP level 9. HP: 82/82 MP: 7/9
  6827 | D:8      | Reached skill level 9 in Fighting
  7446 | D:9      | Noticed Maurice
  7455 | D:9      | Killed Maurice
  7545 | D:9      | Reached skill level 10 in Fighting
  8017 | D:9      | Reached XP level 10. HP: 93/93 MP: 7/12
  8090 | D:9      | Got an encrusted longbow
  8094 | D:9      | Identified the +2 longbow "Liehehos" {venom, Str-2 Int+4
                  | Dex+5} (You found it on level 9 of the Dungeon)
  8374 | D:10     | Entered Level 10 of the Dungeon
  8417 | D:10     | Reached ***** piety under Trog
  8427 | D:10     | Found a staircase to the Orcish Mines.
  8500 | D:10     | Noticed Erolcha
  8508 | D:10     | Killed Erolcha
  8539 | D:10     | Upgraded the game from 0.22.1-1-ga44c0e5 to
                  | 0.22.1-2-g9c5b331
  8589 | D:10     | Received a gift from Trog
  8648 | D:10     | Found a blossoming altar of Fedhas.
  8650 | D:10     | Noticed an oklob plant
  8650 | D:10     | Noticed an oklob plant
  8926 | D:10     | Reached skill level 5 in Bows
  8931 | D:10     | Noticed Grum
  8946 | D:10     | Killed Grum
  8946 | D:10     | Reached skill level 5 in Evocations
  8950 | D:10     | Found a staircase to the Lair.
  9681 | Lair:1   | Entered Level 1 of the Lair of Beasts
  9721 | Lair:1   | Reached skill level 11 in Fighting
  9852 | Lair:1   | Found a runed gate.
  9852 | Lair:1   | Found a runed gate.
  9852 | Lair:1   | Found a runed gate.
  9856 | Lair:1   | Noticed Faytuur's ghost (journeyman MiFi)
  9886 | Lair:1   | Noticed a spiny frog
  9895 | Lair:1   | Killed a spiny frog
  9896 | Lair:1   | Noticed an oklob plant
 10418 | D:10     | Killed an oklob plant
 10418 | D:10     | Reached XP level 11. HP: 98/102 MP: 14/14
 10428 | D:10     | Killed an oklob plant
 10957 | Lair:3   | Found a hole to the Spider Nest.
 11120 | Lair:3   | Received a gift from Trog
 11438 | Lair:3   | Noticed a five-headed hydra
 11448 | Lair:3   | Killed a five-headed hydra
 11607 | Lair:3   | Reached skill level 10 in Staves
 11813 | Lair:3   | Reached skill level 12 in Fighting
 11861 | Lair:3   | Found a staircase to the Shoals.
 12285 | Lair:4   | Gained mutation: You are robust. (+10% HP) [potion of
                  | mutation]
 12285 | Lair:4   | Gained mutation: Your mind is acute. (Int +2) [potion of
                  | mutation]
 12285 | Lair:4   | Gained mutation: Potions are less effective at restoring
                  | your health. [potion of mutation]
 12285 | Lair:4   | Gained mutation: Your mind is very acute. (Int +4) [potion
                  | of mutation]
 12289 | Lair:4   | HP: 5/114 [elephant (6)]
 12293 | Lair:4   | Slain by a spiny frog

Skill      XL: |  1  2  3  4  5  6  7  8  9 10 11 |
---------------+----------------------------------+-----
Axes           | 4 5 6 7 |  7.1
Fighting       | 4 5 6 7 8 10 11 12 | 12.1
Slings         | 1 2 3 4 5 7 |  7.2
Staves         | 2 5 7 9 10 | 10.2
Bows           | 2 4 6 7 |  7.7
Evocations     | 1 4 5 6 |  6.9
Armour         | |  2.5
Dodging        | |  2.2

Action                   |  1- 3 |  4- 6 |  7- 9 | 10-12 || total
-------------------------+-------+-------+-------+-------++-------
Melee: Hand axe          |    56 |    81 |     6 |       ||   143
       Headbutt          |     6 |    12 |    23 |    40 ||    81
       War axe           |       |       |    73 |     7 ||    80
       Quarterstaff      |       |       |   122 |   144 ||   266
 Fire: Hunting sling     |    30 |    88 |    58 |       ||   176
       Shortbow          |       |       |    38 |       ||    38
       Longbow           |       |       |       |    79 ||    79
Invok: Berserk           |     1 |     2 |     5 |     3 ||    11
Evoke: Wand              |       |       |       |    16 ||    16
  Use: Scroll            |       |     2 |     9 |     1 ||    12
       Potion            |       |       |       |    12 ||    12
 Stab: Confused          |       |       |     1 |       ||     1
       Paralysed         |       |       |       |     3 ||     3
  Eat: Chunk             |       |     3 |     4 |     3 ||    10
       Ration            |       |     2 |     5 |     3 ||    10
Armor: Animal skin       |     6 |       |       |       ||     6
       Leather armour    |     3 |    16 |       |       ||    19
       Chain mail        |       |       |   101 |       ||   101
       Ring mail         |       |       |       |    41 ||    41
Dodge: Dodged            |    50 |    48 |    88 |    96 ||   282
